 Dungeon Crawl Stone Soup version 0.25.1-2-g60ff931df9 (webtiles) character file.

Game seed: 6312862782095560823

633 gbos the Cleaver (level 7, 0/62 HPs)
             Began as a Naga Fighter on Nov 18, 2020.
             Slain by Edmund
             ... wielding a +0 dire flail of draining
              (5 damage)
             ... on level 4 of the Dungeon.
             The game lasted 00:00:41 (4452 turns).

gbos the Cleaver (Naga Fighter)                     Turns: 4452, Time: 00:00:41

Health: 0/62       AC:  7    Str: 20    XL:     7   Next: 49%
Magic:  7/7        EV:  2    Int:  9    God:
Gold:   215        SH:  7    Dex: 10    Spells: 6/6 levels left

rFire    . . .     SeeInvis +   Y - +1 war axe
rCold    . . .     Gourm    .   c - +0 kite shield
rNeg     . . .     Faith    .   a - +0 chain mail
rPois    +         Spirit   .   (no helmet)
rElec    .         Reflect  .   (no cloak)
rCorr    .         Harm     .   j - +0 pair of gloves
MR       .....                  (no barding)
Stlth    ..........             (no amulet)
HPRegen  0.20/turn              (no ring)
MPRegen  0.10/turn              (no ring)

@: heavily drained, very slow
A: large, see invisible, deformed body, poison resistance, slowness 2, slow
metabolism 1, spit poison 1, AC +2
a: Spit Poison


You were on level 4 of the Dungeon.
You were not hungry.

You visited 1 branch of the dungeon, and saw 4 of its levels.

You collected 215 gold pieces.


Innate Abilities, Weirdness & Mutations

You cannot wear boots.
Your serpentine skin is tough. (AC +2)
You have supernaturally acute eyesight. (SInv)
Armour fits poorly on your strangely shaped body.
Your system is resistant to poisons. (rPois)
You cover ground very slowly.
You have a slow metabolism.
You can spit poison.


   Skills:
 + Level 3.0(0.2) Fighting
 - Level 8.1(4.9) Axes
 - Level 2.4(0.0) Armour
 - Level 2.4(0.0) Shields


You had 6 spell levels left.
You didn't know any spells.
Your spell library was empty.

Inventory:

Hand Weapons
 n - a +0 flail
 Y - a +1 war axe (weapon)
Missiles
 m - 9 boomerangs (quivered)
Armour
 a - a +0 chain mail (worn)
 c - a +0 kite shield (worn)
 j - a +0 pair of gloves (worn)
 q - a +2 helmet
Jewellery
 i - an uncursed ring of fire {unknown}
Wands
 h - a wand of paralysis (7)
Scrolls
 p - a scroll of remove curse
Potions
 d - a potion of might
 f - a potion of curing
 g - a potion of heal wounds {unknown}
 l - a potion of flight {unknown}
 o - a potion of brilliance {unknown}
Comestibles
 b - 3 chunks of flesh
 e - 6 rations

Dungeon Overview and Level Annotations

Branches:
Dungeon (4/15)
 Temple: D:4-7

Altars:
Elyvilon
Trog
The Shining One

Annotations:
D:4 1 runed translucent door, Edmund


Message History

Edmund is moderately wounded.
Edmund hits you with a +0 dire flail of draining!
You feel drained.
You slash Edmund!
Edmund is heavily wounded.
Edmund hits you but does no damage.
You feel drained. You block Edmund's attack.
You hit Edmund.
Edmund is heavily wounded.
Edmund hits you but does no damage.
You feel drained.
You closely miss Edmund.
Edmund is heavily wounded.
You block Edmund's attack.
You hit Edmund but do no damage.
Edmund is heavily wounded.
Edmund hits you with a +0 dire flail of draining!
You feel drained.
You closely miss Edmund.
Edmund is heavily wounded.
Edmund hits you with a +0 dire flail of draining.
You die...

...........#........
######%...#........
#...##....#........
##...#.....'........
#....'.....##.......
#....#.....##.......
#..?.#......#.......
##...##.....#.......
#.@.##.....#.......
......@...#....#########
..........+....#
.........## ...#
.........###+###
....##...#.....# ####
#...#.....#
....+.....#########
#....##.......


You could see Edmund.

Vanquished Creatures
  2 eyes of draining (D:4)
  A phantom (D:4)
  A howler monkey (D:4)
  An orc wizard (D:4)
  2 orc priests
  An iguana (D:2)
  A hound skeleton (D:4)
  Robin (D:4)
  A worker ant zombie (D:2)
  4 gnolls
  4 adders
  An adder skeleton (D:4)
  2 worms
  3 dart slugs
  2 leopard geckos
  9 orcs
  2 ball pythons
  2 bats (D:1)
  5 giant cockroaches
  10 goblins
  9 hobgoblins
  11 jackals
  8 kobolds
  3 quokkas (D:4)
  7 frilled lizards
  A quokka skeleton (D:4)
  6 rats
100 creatures vanquished.

Notes
Turn   | Place    | Note
-------+----------+-------------------------------------------
     0 | D:1      | gbos the Naga Fighter began the quest for the Orb.
     0 | D:1      | Reached XP level 1. HP: 21/21 MP: 1/1
     0 | D:1      | 0 ||| counter = 238
    44 | D:1      | 44 ||| INVOKING Spit Poison.
   151 | D:1      | 151 ||| INVOKING Spit Poison.
   158 | D:1      | 158 ||| INVOKING Spit Poison.
   171 | D:1      | 171 ||| INVOKING Spit Poison.
   240 | D:1      | 240 ||| INVOKING Spit Poison.
   243 | D:1      | Reached XP level 2. HP: 25/28 MP: 2/2
   274 | D:1      | 274 ||| INVOKING Spit Poison.
   330 | D:1      | 330 ||| INVOKING Spit Poison.
   338 | D:1      | 338 ||| INVOKING Spit Poison.
   339 | D:1      | 339 ||| INVOKING Spit Poison.
   379 | D:1      | 379 ||| Stepping ~*~*~tactically~*~*~ (hiding).
   380 | D:1      | 380 ||| Stepping ~*~*~tactically~*~*~ (hiding).
   381 | D:1      | 381 ||| Stepping ~*~*~tactically~*~*~ (hiding).
   382 | D:1      | 382 ||| Stepping ~*~*~tactically~*~*~ (hiding).
   384 | D:1      | 384 ||| INVOKING Spit Poison.
   385 | D:1      | 385 ||| INVOKING Spit Poison.
   386 | D:1      | 386 ||| Waiting for ranged monster.
   556 | D:1      | 556 ||| INVOKING Spit Poison.
   556 | D:1      | Reached skill level 3 in Axes
   580 | D:1      | 580 ||| INVOKING Spit Poison.
   589 | D:1      | 589 ||| Stepping ~*~*~tactically~*~*~ (stealth).
   595 | D:1      | 595 ||| Stepping ~*~*~tactically~*~*~ (stealth).
   596 | D:1      | 596 ||| Stepping ~*~*~tactically~*~*~ (stealth).
   599 | D:1      | 599 ||| INVOKING Spit Poison.
   624 | D:1      | 624 ||| INVOKING Spit Poison.
   691 | D:1      | 691 ||| READING scroll labeled ZAADUY IMMIN.
   710 | D:2      | 710 ||| INVOKING Spit Poison.
   713 | D:2      | 713 ||| INVOKING Spit Poison.
   732 | D:2      | 732 ||| INVOKING Spit Poison.
   736 | D:2      | 736 ||| INVOKING Spit Poison.
   745 | D:2      | 745 ||| Stepping ~*~*~tactically~*~*~ (stealth).
   746 | D:2      | 746 ||| INVOKING Spit Poison.
   747 | D:2      | 747 ||| INVOKING Spit Poison.
   750 | D:2      | Reached XP level 3. HP: 34/34 MP: 3/3
   919 | D:2      | Found a faded altar of an unknown god.
   983 | D:2      | 983 ||| INVOKING Spit Poison.
   993 | D:2      | 993 ||| INVOKING Spit Poison.
   994 | D:2      | 994 ||| INVOKING Spit Poison.
  1000 | D:2      | 1000 ||| INVOKING Spit Poison.
  1002 | D:2      | 1002 ||| FLEEEEING.
  1003 | D:2      | 1003 ||| STILL FLEEEEING.
  1004 | D:2      | 1004 ||| STILL FLEEEEING.
  1005 | D:2      | 1005 ||| STILL FLEEEEING.
  1006 | D:2      | 1006 ||| STILL FLEEEEING.
  1007 | D:2      | 1007 ||| STILL FLEEEEING.
  1008 | D:2      | 1008 ||| STILL FLEEEEING.
  1009 | D:2      | 1009 ||| STILL FLEEEEING.
  1010 | D:2      | 1010 ||| STILL FLEEEEING.
  1011 | D:2      | 1011 ||| STILL FLEEEEING.
  1093 | D:2      | 1093 ||| Stepping ~*~*~tactically~*~*~ (hiding).
  1094 | D:2      | 1094 ||| Stepping ~*~*~tactically~*~*~ (hiding).
  1095 | D:2      | 1095 ||| Stepping ~*~*~tactically~*~*~ (hiding).
  1096 | D:2      | 1096 ||| Stepping ~*~*~tactically~*~*~ (hiding).
  1097 | D:2      | 1097 ||| Waiting for ranged monster.
  1105 | D:2      | 1105 ||| Waiting for ranged monster.
  1224 | D:2      | 1224 ||| INVOKING Spit Poison.
  1225 | D:2      | 1225 ||| INVOKING Spit Poison.
  1416 | D:2      | Reached skill level 4 in Axes
  1523 | D:2      | 1523 ||| INVOKING Spit Poison.
  1547 | D:2      | 1547 ||| INVOKING Spit Poison.
  1548 | D:2      | 1548 ||| INVOKING Spit Poison.
  1548 | D:2      | Reached XP level 4. HP: 42/42 MP: 4/4
  1582 | D:2      | HP: 6/42 [iguana (10)]
  1906 | D:2      | 1906 ||| INVOKING Spit Poison.
  1950 | D:2      | 1950 ||| UPGRADING to chain mail.
  1960 | D:2      | 1960 ||| DROPPING +0 scale mail.
  1961 | D:2      | 1961 ||| UPGRADING to pair of gloves.
  1966 | D:2      | 1966 ||| READING scroll labeled ZAUHIRUZOCK.
  2001 | D:3      | 2001 ||| INVOKING Spit Poison.
  2003 | D:3      | 2003 ||| INVOKING Spit Poison.
  2028 | D:3      | 2028 ||| DROPPING +0 club.
  2065 | D:3      | 2065 ||| INVOKING Spit Poison.
  2066 | D:3      | 2066 ||| INVOKING Spit Poison.
  2087 | D:3      | 2087 ||| INVOKING Spit Poison.
  2088 | D:3      | 2088 ||| INVOKING Spit Poison.
  2129 | D:3      | 2129 ||| INVOKING Spit Poison.
  2130 | D:3      | 2130 ||| Stepping ~*~*~tactically~*~*~ (stealth).
  2161 | D:3      | 2161 ||| INVOKING Spit Poison.
  2162 | D:3      | 2162 ||| Stepping ~*~*~tactically~*~*~ (stealth).
  2163 | D:3      | 2163 ||| INVOKING Spit Poison.
  2166 | D:3      | Reached skill level 5 in Axes
  2166 | D:3      | Reached XP level 5. HP: 49/49 MP: 5/5
  2219 | D:3      | 2219 ||| INVOKING Spit Poison.
  2233 | D:3      | 2233 ||| INVOKING Spit Poison.
  2273 | D:3      | 2273 ||| Stepping ~*~*~tactically~*~*~ (stealth).
  2274 | D:3      | 2274 ||| INVOKING Spit Poison.
  2290 | D:3      | 2290 ||| Stepping ~*~*~tactically~*~*~ (stealth).
  2291 | D:3      | 2291 ||| INVOKING Spit Poison.
  2292 | D:3      | 2292 ||| Stepping ~*~*~tactically~*~*~ (stealth).
  2300 | D:3      | 2300 ||| Stepping ~*~*~tactically~*~*~ (stealth).
  2301 | D:3      | 2301 ||| Stepping ~*~*~tactically~*~*~ (stealth).
  2302 | D:3      | 2302 ||| Stepping ~*~*~tactically~*~*~ (stealth).
  2303 | D:3      | 2303 ||| INVOKING Spit Poison.
  2304 | D:3      | 2304 ||| INVOKING Spit Poison.
  2312 | D:3      | 2312 ||| INVOKING Spit Poison.
  2317 | D:3      | 2317 ||| INVOKING Spit Poison.
  2403 | D:3      | Found a glowing golden altar of the Shining One.
  2404 | D:3      | 2404 ||| DROPPING mace.
  2466 | D:3      | Found a white marble altar of Elyvilon.
  2574 | D:3      | 2574 ||| Stepping ~*~*~tactically~*~*~ (stealth).
  2576 | D:3      | 2576 ||| INVOKING Spit Poison.
  2936 | D:3      | 2936 ||| EATING 3 rations.
  3070 | D:3      | 3070 ||| READING scroll labeled EFEXYU VADITE.
  3071 | D:3      | 3071 ||| READING 3 scrolls labeled CIHAUQAGRAJ.
  3075 | D:3      | 3075 ||| DRINKING 2 fuming coppery potions.
  3107 | D:4      | Reached skill level 6 in Axes
  3142 | D:4      | Found a glowing golden altar of the Shining One.
  3143 | D:4      | Found a runed translucent door.
  3143 | D:4      | Noticed an angel
  3209 | D:4      | 3209 ||| INVOKING Spit Poison.
  3259 | D:4      | 3259 ||| INVOKING Spit Poison.
  3363 | D:4      | 3363 ||| Stepping ~*~*~tactically~*~*~ (hiding).
  3364 | D:4      | 3364 ||| INVOKING Spit Poison.
  3371 | D:4      | Reached XP level 6. HP: 38/56 MP: 6/6
  3377 | D:4      | 3377 ||| Stepping ~*~*~tactically~*~*~ (hiding).
  3378 | D:4      | 3378 ||| Waiting for ranged monster.
  3382 | D:4      | 3382 ||| Waiting for ranged monster.
  3529 | D:4      | 3529 ||| Stepping ~*~*~tactically~*~*~ (stealth).
  3530 | D:4      | 3530 ||| Stepping ~*~*~tactically~*~*~ (stealth).
  3531 | D:4      | 3531 ||| INVOKING Spit Poison.
  3532 | D:4      | 3532 ||| Stepping ~*~*~tactically~*~*~ (stealth).
  3534 | D:4      | 3534 ||| Stepping ~*~*~tactically~*~*~ (stealth).
  3535 | D:4      | 3535 ||| Stepping ~*~*~tactically~*~*~ (stealth).
  3536 | D:4      | 3536 ||| INVOKING Spit Poison.
  3538 | D:4      | Noticed Robin
  3545 | D:4      | 3545 ||| Stepping ~*~*~tactically~*~*~ (stealth).
  3552 | D:4      | Killed Robin
  3641 | D:4      | 3641 ||| FLEEEEING.
  3642 | D:4      | 3642 ||| FLEEEEING.
  3644 | D:4      | 3644 ||| STILL FLEEEEING.
  3645 | D:4      | 3645 ||| STILL FLEEEEING.
  3646 | D:4      | 3646 ||| STILL FLEEEEING.
  3647 | D:4      | 3647 ||| STILL FLEEEEING.
  3648 | D:4      | 3648 ||| STILL FLEEEEING.
  3649 | D:4      | 3649 ||| STILL FLEEEEING.
  3650 | D:4      | 3650 ||| STILL FLEEEEING.
  3651 | D:4      | 3651 ||| STILL FLEEEEING.
  3668 | D:4      | 3668 ||| Stepping ~*~*~tactically~*~*~ (stealth).
  3671 | D:4      | 3671 ||| Stepping ~*~*~tactically~*~*~ (stealth).
  3672 | D:4      | 3672 ||| Stepping ~*~*~tactically~*~*~ (stealth).
  3692 | D:4      | 3692 ||| Stepping ~*~*~tactically~*~*~ (stealth).
  3693 | D:4      | 3693 ||| INVOKING Spit Poison.
  3705 | D:4      | 3705 ||| INVOKING Spit Poison.
  3753 | D:4      | 3753 ||| Stepping ~*~*~tactically~*~*~ (hiding).
  3754 | D:4      | 3754 ||| Stepping ~*~*~tactically~*~*~ (hiding).
  3755 | D:4      | 3755 ||| Waiting for ranged monster.
  3756 | D:4      | 3756 ||| Stepping ~*~*~tactically~*~*~ (hiding).
  3757 | D:4      | 3757 ||| Stepping ~*~*~tactically~*~*~ (hiding).
  3758 | D:4      | 3758 ||| Stepping ~*~*~tactically~*~*~ (hiding).
  3759 | D:4      | 3759 ||| Stepping ~*~*~tactically~*~*~ (hiding).
  3766 | D:4      | 3766 ||| Waiting for ranged monster.
  3916 | D:4      | Found a bloodstained altar of Trog.
  3916 | D:4      | Noticed an eye of draining
  3916 | D:4      | Noticed an eye of draining
  3929 | D:4      | Killed an eye of draining
  3929 | D:4      | Reached skill level 7 in Axes
  3929 | D:4      | Reached XP level 7. HP: 19/62 MP: 0/7
  3929 | D:4      | HP: 14/62 [orc/+0 antimagic spear (5)]
  3930 | D:4      | 3930 ||| READING 2 scrolls of teleportation.
  3933 | D:4      | 3933 ||| INVOKING Spit Poison.
  3936 | D:4      | 3936 ||| READING scroll of teleportation.
  4325 | D:4      | 4325 ||| INVOKING Spit Poison.
  4328 | D:4      | 4328 ||| INVOKING Spit Poison.
  4332 | D:4      | Reached skill level 8 in Axes
  4386 | D:4      | 4386 ||| INVOKING Spit Poison.
  4417 | D:4      | 4417 ||| INVOKING Spit Poison.
  4435 | D:4      | Noticed Edmund
  4436 | D:4      | 4436 ||| INVOKING Spit Poison.
  4437 | D:4      | 4437 ||| INVOKING Spit Poison.
  4447 | D:4      | HP: 15/62 [Edmund/+0 dire flail of draining (2)]
  4451 | D:4      | HP: 7/62 [Edmund/+0 dire flail of draining (9)]
  4452 | D:4      | Slain by Edmund

Levels and vault maps discovered:
D:1:      minmay_arrival_open_corners, layout_basic
D:2:      layout_basic, chequers_ecumenical_altar_simple
D:3:      layout_basic, tso_metal_star, lemuel_doored_altar, first_ration
D:4:      layout_gridville, trog_eyes_of_draining, serial_shops, shop,
          lemuel_angel_altar, uniq_robin, uniq_edmund

Skill      XL: |  1  2  3  4  5  6  7 |
---------------+----------------------+-----
Axes           | 3 4 5 6 7 8 |  8.1
Fighting       | |  3.0
Armour         | |  2.4
Shields        | |  2.4

Action                   |  1- 3 |  4- 6 |  7- 9 || total
-------------------------+-------+-------+-------++-------
Melee: War axe           |    50 |   141 |    39 ||   230
Throw: Boomerang         |     1 |    29 |    20 ||    50
 Abil: Spit Poison       |    23 |    22 |     6 ||    51
  Use: Scroll            |     1 |     3 |     2 ||     6
       Potion            |       |     1 |       ||     1
  Eat: Chunk             |     3 |     4 |     1 ||     8
       Ration            |       |     1 |       ||     1
Armor: Scale mail        |    15 |     3 |       ||    18
       Chain mail        |       |    63 |    15 ||    78
Dodge: Dodged            |    11 |    21 |     2 ||    34
Block: Kite shield       |    28 |    63 |    12 ||   103

Table legend:
 A = Non-vault XP
 B = Vault XP
 C = Vault XP percentage of total XP
 D = Non-vault monster count
 E = Vault monster count
 F = Vault count percentage of total count
                 A         B        C        D         E       F
            +---------+---------+-------+---------+---------+-------
      Total |     604 |     301 |  33.3 |      83 |      17 |  17.0
            +---------+---------+-------+---------+---------+-------
        D:1 |      26 |       0 |   0.0 |      16 |       0 |   0.0
        D:2 |     105 |       0 |   0.0 |      18 |       0 |   0.0
        D:3 |     158 |       0 |   0.0 |      28 |       0 |   0.0
        D:4 |     315 |     301 |  48.9 |      21 |      17 |  44.7
            +---------+---------+-------+---------+---------+-------
